[Event "Titled Tuesday Blitz June 28 Early 2022"]
[White "Pinheiro, Iung Alicio de O."]
[Black "Rosenberg, Evan S"]
[WhiteFideId "2104350"]
[BlackFideId "2019299"]
[WhiteElo "2283"]
[BlackElo "2206"]
[Result "1-0"]
[Round "10"]
[TimeControl "180+1"]
[Date "2022.06.28"]
[WhiteClock "0:00:14"]
[BlackClock "0:00:06"]

1. e4 e6 2. d4 d5 3. e5 c5 4. c3 Nc6 5. Nf3 Qb6 6. Bd3 cxd4 7. O-O Bd7 8. Re1 a6 9. a3 Qa7 10. b4 Rc8 11. Bb2 dxc3 12. Nxc3 Nh6 13. Rc1 Be7 14. Nxd5 exd5 15. e6 Bxe6 16. Bxg7 Ng4 17. Nd4 Rg8 18. Rxe6 Rxg7 19. Nf5 Qxf2+ 20. Kh1 Qxf5 21. Bxf5 Nf2+ 22. Kg1 Nxd1 23. Re1 Rd8 24. Rcxd1 d4 25. Be4 Kf8 26. g3 Ne5 27. Kg2 Ng4 28. Rd3 b5 29. Bb7 Rd6 30. Re4 Ne3+ 31. Kf3 Rf6+ 32. Ke2 Nc4 33. Rexd4 Re6+ 34. Kf2 Rf6+ 35. Kg2 Rgg6 36. Be4 Rg5 37. Bf3 Kg7 38. h4 Re5 39. Be4 Ree6 40. Bf3 Re3 41. Rxe3 Nxe3+ 42. Kf2 Nf5 43. Re4 Bd6 44. g4 Ng3 45. Re8 Nh1+ 46. Kg2 Ng3 47. g5 Rf5 48. Rd8 Bf4 49. Rd7 Re5 50. Kh3 Ne2 51. Kg4 Bc1 52. Bd5 Bxa3 53. Rxf7+ Kh8 54. Rf8+ Kg7 55. Rg8# 1-0


[Site "https://www.chess.com"]

[Event "Titled Tuesday Blitz June 28 Early 2022"]
[White "Plazuelo Pascual, Juan"]
[Black "Bommini, Mounika Akshaya"]
[WhiteFideId "32059566"]
[BlackFideId "25019872"]
[WhiteElo "2359"]
[BlackElo "1680"]
[Result "1-0"]
[Round "10"]
[TimeControl "180+1"]
[Date "2022.06.28"]
[WhiteClock "0:00:06"]
[BlackClock "0:00:43"]

1. e4 e5 2. Nf3 Nc6 3. Nc3 g6 4. d4 exd4 5. Nxd4 Bg7 6. Be3 Nge7 7. Qd2 O-O 8. Bc4 d6 9. O-O-O Ne5 10. Be2 Ng4 11. Bxg4 Bxg4 12. f3 Bd7 13. Bh6 b5 14. h4 b4 15. Nce2 c5 16. Bxg7 Kxg7 17. Nb3 c4 18. Qxd6 cxb3 19. axb3 Qa5 20. Qxe7 Bb5 21. Nd4 Qa1+ 22. Kd2 Qxb2 23. Nxb5 Rfd8+ 24. Ke3 Re8 25. Qxb4 Qxc2 26. Qc3+ Qxc3+ 27. Nxc3 Rab8 28. Rb1 Rec8 29. Rhc1 Rd8 30. Nd5 Rb5 31. b4 Rb7 32. Kd4 f5 33. Rc5 fxe4 34. fxe4 Rdd7 35. b5 a6 36. b6 Kh6 37. Rc7 1-0


[Site "https://www.chess.com"]

[Event "Titled Tuesday Blitz June 28 Early 2022"]
[White "Popilski, Gil"]
[Black "Preotu, Razvan"]
[WhiteFideId "2809060"]
[BlackFideId "2613280"]
[WhiteElo "2537"]
[BlackElo "2407"]
[Result "0-1"]
[Round "10"]
[TimeControl "180+1"]
[Date "2022.06.28"]
[WhiteClock "0:00:01"]
[BlackClock "0:00:30"]

1. f4 d5 2. Nf3 Nf6 3. g3 g6 4. Bg2 Bg7 5. c4 O-O 6. cxd5 Nxd5 7. O-O c5 8. Nc3 Nc7 9. d3 Nc6 10. Be3 b6 11. Qa4 Bd7 12. Qa3 a5 13. Rac1 Nd4 14. Nxd4 cxd4 15. Bxa8 Nxa8 16. Nd5 dxe3 17. Nxe7+ Kh8 18. Nc6 Qe8 19. Ne5 Bh3 20. Rf3 f6 21. Nc4 b5 22. Rxe3 Qd8 23. Nd6 f5 24. Re8 Bd4+ 25. Kh1 Rxe8 26. Nf7+ Kg7 27. Nxd8 Rxe2 28. Ne6+ Rxe6 29. Qxa5 Re2 30. Qxa8 Kh6 31. Qd5 Bxb2 32. Rb1 Bc3 33. Kg1 b4 0-1


[Site "https://www.chess.com"]

[Event "Titled Tuesday Blitz June 28 Early 2022"]
[White "Przybylski, Wojciech"]
[Black "Barria Zuniga, Daniel"]
[WhiteFideId "1117599"]
[BlackFideId "3400816"]
[WhiteElo "2133"]
[BlackElo "2414"]
[Result "1-0"]
[Round "10"]
[TimeControl "180+1"]
[Date "2022.06.28"]
[WhiteClock "0:01:46"]
[BlackClock "0:01:02"]

1. e4 c5 2. Nf3 e6 3. d4 cxd4 4. Nxd4 a6 5. Bd3 Bc5 6. Nb3 Ba7 7. Qe2 Nc6 8. Bd2 d6 9. O-O Nf6 10. Kh1 O-O 11. f4 e5 12. f5 d5 13. Nc3 dxe4 14. Nxe4 Nxe4 15. Qxe4 f6 16. Rf3 Kh8 17. Rh3 g5 18. Bxg5 fxg5 19. f6 1-0


[Site "https://www.chess.com"]

[Event "Titled Tuesday Blitz June 28 Early 2022"]
[White "Richter, Nils"]
[Black "Dwilewicz, Katarzyna"]
[WhiteFideId "12990809"]
[BlackFideId "1148486"]
[WhiteElo "2311"]
[BlackElo "1907"]
[Result "1-0"]
[Round "10"]
[TimeControl "180+1"]
[Date "2022.06.28"]
[WhiteClock "0:01:01"]
[BlackClock "0:00:01"]

1. Nf3 c5 2. g3 Nc6 3. Bg2 Nf6 4. O-O e5 5. d3 d5 6. e4 d4 7. a4 Bd6 8. Na3 O-O 9. Nc4 Bc7 10. Nh4 a6 11. Bd2 Bg4 12. f3 Be6 13. Qe1 b5 14. axb5 axb5 15. Rxa8 Qxa8 16. Na3 Qa4 17. Qd1 c4 18. f4 c3 19. Bc1 exf4 20. b3 Qa6 21. gxf4 Bg4 22. Qe1 Bd6 23. e5 Bxa3 24. Bxa3 Qxa3 25. Bxc6 Qc5 26. exf6 Qxc6 27. fxg7 Re8 28. Qg3 h5 29. f5 Re3 30. Qb8+ Qe8 31. Qxe8+ Rxe8 32. f6 Re2 33. Ra1 Kh7 34. Ra8 1-0


[Site "https://www.chess.com"]

[Event "Titled Tuesday Blitz June 28 Early 2022"]
[White "Rosen, Eric"]
[Black "Skliarov, Viktor"]
[WhiteFideId "2032562"]
[BlackFideId "14106736"]
[WhiteElo "2362"]
[BlackElo "2229"]
[Result "1-0"]
[Round "10"]
[TimeControl "180+1"]
[Date "2022.06.28"]
[WhiteClock "0:00:12"]
[BlackClock "0:00:03"]

1. d4 Nf6 2. Bf4 g6 3. Nc3 d5 4. e3 Bg7 5. h4 h5 6. Nf3 O-O 7. Ne5 Nbd7 8. Qf3 c6 9. Bd3 Nxe5 10. Bxe5 Ng4 11. Bxg7 Kxg7 12. O-O-O e5 13. dxe5 Nxe5 14. Qg3 Qf6 15. f3 Nxd3+ 16. Rxd3 Bf5 17. e4 dxe4 18. fxe4 Bg4 19. e5 Qe7 20. Re1 Rad8 21. Rde3 Rd7 22. Ne4 Rfd8 23. Nd6 Qe6 24. b3 a5 25. Qf4 b5 26. a4 b4 27. g3 c5 28. Qf6+ Qxf6 29. exf6+ Kxf6 30. Ne8+ Rxe8 31. Rxe8 Rc7 32. R8e4 Be6 33. Rf4+ Kg7 34. Re5 c4 35. bxc4 Bxc4 36. Kb2 Be6 37. Rxa5 Bf5 38. Rf2 Rc3 39. Rb5 Rxg3 40. Rxb4 Be6 41. a5 Bd5 42. a6 Rg4 43. c3 g5 44. Rxg4 hxg4 45. hxg5 Kg6 46. a7 g3 47. Rd2 g2 48. Rxd5 g1=Q 49. a8=Q Qf2+ 50. Kb3 Qb6+ 51. Kc4 Qc7+ 52. Kb5 Qxc3 53. Qc6+ Qxc6+ 54. Kxc6 1-0


[Site "https://www.chess.com"]

[Event "Titled Tuesday Blitz June 28 Early 2022"]
[White "Rustemov, Alexander"]
[Black "Arias, Juan Cruz"]
[WhiteFideId "4119002"]
[BlackFideId "118540"]
[WhiteElo "2740"]
[BlackElo "2091"]
[Result "0-1"]
[Round "10"]
[TimeControl "180+1"]
[Date "2022.06.28"]
[WhiteClock "0:00:01"]
[BlackClock "0:00:10"]

1. d4 Nf6 2. c4 c5 3. d5 e5 4. Nc3 d6 5. e4 Nbd7 6. Bd3 Be7 7. Be3 Nf8 8. h3 Ng6 9. g3 h5 10. h4 Bf8 11. f3 Ne7 12. Nh3 g6 13. Ng5 Bg7 14. Qd2 Bd7 15. a4 a6 16. a5 Rb8 17. Kf2 Nh7 18. b4 cxb4 19. Na4 Nxg5 20. hxg5 f5 21. gxf6 Bxf6 22. Qxb4 Nc8 23. c5 O-O 24. cxd6 Bg5 25. Bxg5 Qxg5 26. Nc5 Bg4 27. Be2 Nxd6 28. Kg2 Qe3 29. Ra2 Bxf3+ 30. Bxf3 Rxf3 31. Qe1 Qc3 32. Qxc3 Rxc3 33. Nd7 Rd8 34. Nxe5 Nxe4 35. Rd1 Rxg3+ 36. Kh2 Rg5 37. Nf3 Rgxd5 38. Rg1 Kg7 39. Rag2 R8d6 40. Nh4 g5 41. Re1 Re6 42. Rge2 gxh4 43. Rxe4 Rxe4 44. Rxe4 Kf6 45. Rb4 Rb5 46. Ra4 Kg5 47. Ra3 Rb4 48. Kh3 Kf5 49. Rc3 Ke5 50. Rc5+ Kd6 51. Rxh5 Rb5 52. Rh7 Kc6 53. Rh6+ Kc7 54. Rh7+ Kb8 55. Kxh4 Rxa5 56. Kg4 Re5 57. Kf4 Re8 58. Kf5 Ka7 59. Kf6 a5 60. Kf7 Re1 61. Rh4 Ka6 62. Kf6 b5 63. Kf5 a4 64. Rh8 Ka5 65. Kf4 a3 66. Ra8+ Kb4 67. Kf3 Re7 68. Kf4 Kb3 69. Kf5 Re1 70. Kf6 b4 71. Kf5 a2 72. Re8 Rxe8 73. Kf6 Re1 74. Kf7 a1=Q 0-1


[Site "https://www.chess.com"]

[Event "Titled Tuesday Blitz June 28 Early 2022"]
[White "Rychagov, Andrey"]
[Black "Tifferet, Shaked"]
[WhiteFideId "4119932"]
[BlackFideId "2811529"]
[WhiteElo "2460"]
[BlackElo "2083"]
[Result "0-1"]
[Round "10"]
[TimeControl "180+1"]
[Date "2022.06.28"]
[WhiteClock "0:01:23"]
[BlackClock "0:00:05"]

1. d4 d5 2. c4 e6 3. Nf3 c6 4. Bg5 Be7 5. Bxe7 Nxe7 6. e3 O-O 7. Nc3 Nd7 8. Bd3 Nf6 9. O-O dxc4 10. Bxc4 b5 11. Bd3 Bb7 12. Rc1 Ned5 13. Ne4 Nxe4 14. Bxe4 Qd6 15. Ne5 Rac8 16. Nd3 Rfd8 17. Nc5 Ba8 18. Qh5 Nf6 19. Qf3 e5 20. Rfd1 exd4 21. Rxd4 Qe5 22. Qd1 Rxd4 23. Qxd4 Qxd4 24. exd4 Rd8 25. Rd1 Nxe4 26. Nxe4 Bb7 27. Nc5 Bc8 28. f3 f6 29. Kf2 Kf7 30. Ke3 Re8+ 31. Kd2 g5 32. Rc1 Rd8 33. Kc3 a5 34. Re1 b4+ 35. Kc4 h5 36. a3 bxa3 37. bxa3 h4 38. Rb1 Re8 39. Ne4 Kg6 40. Kc5 Bf5 41. Kxc6 Rxe4 42. fxe4 Bxe4+ 43. d5 Bxb1 44. d6 Be4+ 45. Kc7 Bf5 46. d7 Bxd7 47. Kxd7 h3 0-1


[Site "https://www.chess.com"]

[Event "Titled Tuesday Blitz June 28 Early 2022"]
[White "Sadubayev, Airat"]
[Black "Gundam, Rohit"]
[WhiteFideId "13713264"]
[BlackFideId "75002809"]
[WhiteElo "2230"]
[BlackElo "2330"]
[Result "0-1"]
[Round "10"]
[TimeControl "180+1"]
[Date "2022.06.28"]
[WhiteClock "0:00:14"]
[BlackClock "0:01:48"]

1. d4 Nf6 2. c4 e6 3. Nc3 Bb4 4. Nf3 O-O 5. Bg5 h6 6. Bh4 g5 7. Bg3 Ne4 8. Qc2 f5 9. e3 b6 10. Bd3 Bb7 11. O-O d6 12. a3 Bxc3 13. bxc3 Nd7 14. a4 a5 15. Rab1 h5 16. h4 g4 17. Nd2 Nxd2 18. Qxd2 e5 19. f3 f4 20. exf4 exf4 21. Bxf4 Qxh4 22. Bg5 Qg3 23. Qf2 Qxf2+ 24. Rxf2 gxf3 25. gxf3 Bxf3 26. Kh2 Bg4 27. Rg1 Rxf2+ 28. Kg3 Rf3+ 29. Kh4 Rh3# 0-1


[Site "https://www.chess.com"]

[Event "Titled Tuesday Blitz June 28 Early 2022"]
[White "Sahil, Tickoo"]
[Black "Piliczewski, Bogusz"]
[WhiteFideId "5019710"]
[BlackFideId "1104144"]
[WhiteElo "2047"]
[BlackElo "1896"]
[Result "1-0"]
[Round "10"]
[TimeControl "180+1"]
[Date "2022.06.28"]
[WhiteClock "0:01:40"]
[BlackClock "0:00:54"]

1. d4 d5 2. Bf4 Nf6 3. e3 Bf5 4. c4 e6 5. Nc3 c6 6. Nf3 Bd6 7. Bg3 Ne4 8. Qb3 Nxg3 9. hxg3 Qb6 10. c5 Qxb3 11. axb3 Bc7 12. b4 Nd7 13. b5 O-O 14. b4 Rfc8 15. Nh4 Bg6 16. Nxg6 hxg6 17. Kd2 cxb5 18. Bxb5 a6 19. Bd3 Bd8 20. f4 g5 21. Rhb1 gxf4 22. gxf4 g5 23. g3 Bf6 24. b5 axb5 25. Nxb5 Rxa1 26. Rxa1 Rxc5 27. Ra8+ Kg7 28. dxc5 Nxc5 29. Nd6 b6 30. Ra7 1-0


[Site "https://www.chess.com"]

[Event "Titled Tuesday Blitz June 28 Early 2022"]
[White "Saito, Vinicius"]
[Black "Nunez V, Gustavo Eduardo"]
[WhiteFideId "2113384"]
[BlackFideId "4403690"]
[WhiteElo "2168"]
[BlackElo "2228"]
[Result "0-1"]
[Round "10"]
[TimeControl "180+1"]
[Date "2022.06.28"]
[WhiteClock "0:01:06"]
[BlackClock "0:01:11"]

1. e4 c5 2. Nf3 Nc6 3. Bb5 g6 4. Bxc6 dxc6 5. Nc3 Bg7 6. h3 e5 7. d3 Qc7 8. Be3 b6 9. Qd2 Nf6 10. O-O O-O 11. Nh2 Nh5 12. Ng4 Nf4 13. Ne2 g5 14. Ng3 Qd6 15. Nf5 Bxf5 16. exf5 h5 17. Nh2 Qf6 18. h4 Qxf5 19. Kh1 g4 20. g3 Nd5 21. f3 gxf3 22. Rxf3 Qg6 23. Raf1 f5 24. Bg5 Kh7 25. a3 a5 26. Qe2 Rae8 27. R1f2 e4 28. dxe4 Rxe4 29. Qd1 Bxb2 30. Nf1 Bd4 31. Re2 Rfe8 32. Rxe4 fxe4 33. Rb3 e3 34. Qe2 Nc3 35. Qe1 e2 36. Nh2 b5 37. Nf3 a4 38. Rxc3 Bxc3 39. Qxc3 Qe4 40. Kg2 Rf8 41. Bd2 b4 42. axb4 cxb4 43. Qd3 Qxd3 44. cxd3 Rxf3 45. Kxf3 b3 46. Bc3 a3 47. Kxe2 b2 0-1


[Site "https://www.chess.com"]

[Event "Titled Tuesday Blitz June 28 Early 2022"]
[White "Samsonkin, Artiom"]
[Black "Gubajdullin, Alexei"]
[WhiteFideId "13503111"]
[BlackFideId "4141202"]
[WhiteElo "2513"]
[BlackElo "2280"]
[Result "1-0"]
[Round "10"]
[TimeControl "180+1"]
[Date "2022.06.28"]
[WhiteClock "0:00:03"]
[BlackClock "0:00:02"]

1. d4 Nf6 2. Nf3 g6 3. Nc3 d5 4. Bf4 a6 5. Qd2 Nbd7 6. Ne5 Bg7 7. Bh6 Bxh6 8. Qxh6 c5 9. Nxd7 Bxd7 10. O-O-O Rc8 11. dxc5 Rxc5 12. Qe3 Qa5 13. h4 Bf5 14. f3 O-O 15. g4 Be6 16. h5 g5 17. h6 Kh8 18. Qxg5 Rg8 19. Qe3 Rgc8 20. g5 Rxc3 21. bxc3 Rxc3 22. Qd4 Rc4 23. Qe5 Qxa2 24. Qb2 Rxc2+ 25. Kxc2 Qc4+ 26. Kb1 Bf5+ 27. e4 Bxe4+ 28. fxe4 Qxe4+ 29. Bd3 1-0


[Site "https://www.chess.com"]

[Event "Titled Tuesday Blitz June 28 Early 2022"]
[White "Samunenkov, Ihor"]
[Black "Jubin Jimmy"]
[WhiteFideId "14187086"]
[BlackFideId "46686614"]
[WhiteElo "2409"]
[BlackElo "2219"]
[Result "1-0"]
[Round "10"]
[TimeControl "180+1"]
[Date "2022.06.28"]
[WhiteClock "0:00:48"]
[BlackClock "0:00:55"]

1. e4 c6 2. Nf3 d5 3. Nc3 g6 4. d4 Bg7 5. h3 dxe4 6. Nxe4 Nf6 7. Nxf6+ exf6 8. Bc4 O-O 9. O-O a5 10. a4 Na6 11. d5 cxd5 12. Bxd5 Nb4 13. Bb3 Bf5 14. Nd4 Be4 15. Re1 f5 16. c3 Nd3 17. Re2 Bxd4 18. cxd4 Qxd4 19. Be3 Qf6 20. f3 Nxb2 21. Qd4 Qxd4 22. Bxd4 Nd3 23. fxe4 Rfe8 24. Bd5 Nf4 25. Rd2 fxe4 26. Bxb7 e3 27. Bxe3 Nxh3+ 28. gxh3 Rab8 29. Bb6 Rxb7 30. Bxa5 Re3 31. Kg2 Rbb3 32. Bc7 Rxh3 33. a5 Rhc3 34. Rd8+ 1-0


[Site "https://www.chess.com"]

[Event "Titled Tuesday Blitz June 28 Early 2022"]
[White "Sargissyan, Sargis"]
[Black "Ladopoulos, Dimitrios"]
[WhiteFideId "13303210"]
[BlackFideId "4239580"]
[WhiteElo "2174"]
[BlackElo "2195"]
[Result "1-0"]
[Round "10"]
[TimeControl "180+1"]
[Date "2022.06.28"]
[WhiteClock "0:00:18"]
[BlackClock "0:00:03"]

1. e4 e6 2. d4 d5 3. Nc3 Nf6 4. Bg5 dxe4 5. Nxe4 Be7 6. Bxf6 gxf6 7. c4 c6 8. Nf3 b6 9. Qc2 Bb7 10. O-O-O Qc7 11. Kb1 Nd7 12. Bd3 O-O-O 13. Rhe1 Kb8 14. c5 h6 15. b4 f5 16. Ned2 Nf6 17. Nc4 Nd5 18. a3 Bf6 19. Nd6 Rxd6 20. cxd6 Qxd6 21. Ne5 Rf8 22. g3 Qc7 23. Rc1 Rc8 24. Bc4 c5 25. f4 cxb4 26. Bxd5 Bxd5 27. Qxc7+ Rxc7 28. Rxc7 Kxc7 29. axb4 Be7 30. b5 f6 31. Rc1+ Kd6 32. Nc6 Be4+ 33. Kb2 a5 34. Nxe7 Kxe7 35. Rc7+ Kd6 36. Rh7 1-0


[Site "https://www.chess.com"]

[Event "Titled Tuesday Blitz June 28 Early 2022"]
[White "Sevian, Samuel"]
[Black "Sadhwani, Raunak"]
[WhiteFideId "2040506"]
[BlackFideId "35093487"]
[WhiteElo "2692"]
[BlackElo "2616"]
[Result "0-1"]
[Round "10"]
[TimeControl "180+1"]
[Date "2022.06.28"]
[WhiteClock "0:00:04"]
[BlackClock "0:00:23"]

1. d4 Nf6 2. c4 e6 3. Nf3 d5 4. Nc3 Bb4 5. Bg5 h6 6. Bxf6 Qxf6 7. Qa4+ Nc6 8. e3 O-O 9. Be2 dxc4 10. Bxc4 Bxc3+ 11. bxc3 Bd7 12. Qa3 Qe7 13. Qb2 Na5 14. Be2 c5 15. O-O Rfc8 16. Ne5 Be8 17. f4 Rc7 18. Bd3 f6 19. Nf3 Rac8 20. Qd2 cxd4 21. cxd4 Nc4 22. Qe2 Na3 23. Kh1 a6 24. f5 exf5 25. Nh4 g6 26. Bxf5 gxf5 27. Nxf5 Qf8 28. Rf3 Rc1+ 29. Rf1 Rxa1 30. Rxa1 Bd7 31. Ng3 f5 32. Qh5 Nc2 33. Rc1 Nxe3 34. Qg6+ Kh8 35. Rxc8 Bxc8 36. Nh5 Nd5 37. h3 Bd7 38. Ng3 Qf6 39. Qh5 Qg5 40. Qf3 Bc6 41. Qf2 Nf4 42. Kh2 h5 43. d5 Bxd5 44. Qd4+ Kh7 45. Qe5 h4 46. Qc7+ Kh6 47. Qd6+ Ng6 48. Qxd5 hxg3+ 0-1


[Site "https://www.chess.com"]

[Event "Titled Tuesday Blitz June 28 Early 2022"]
[White "Shailendra, K Bajpai"]
[Black "Von Buelow, Georg"]
[WhiteFideId "5014670"]
[BlackFideId "4620658"]
[WhiteElo "2242"]
[BlackElo "2135"]
[Result "0-1"]
[Round "10"]
[TimeControl "180+1"]
[Date "2022.06.28"]
[WhiteClock "0:00:02"]
[BlackClock "0:00:11"]

1. e4 e5 2. Nf3 Nc6 3. d4 exd4 4. Nxd4 Nf6 5. Nxc6 bxc6 6. Bd3 d5 7. e5 Ng4 8. O-O Bc5 9. Bf4 f6 10. exf6 O-O 11. Bg5 Qd6 12. g3 Nxf6 13. Bxf6 Qxf6 14. Nd2 Bh3 15. Qh5 Bxf2+ 16. Kh1 Qh6 17. Qe2 Bxf1 18. Rxf1 Bxg3 19. Rg1 Bf4 20. Nf3 Rae8 21. Qg2 Re7 22. Nd4 Ref7 23. Nxc6 Qxc6 24. c4 Qh6 25. cxd5 Bd6 26. Be4 Rf2 27. Bxh7+ Qxh7 0-1


[Site "https://www.chess.com"]

[Event "Titled Tuesday Blitz June 28 Early 2022"]
[White "Silvestre, Christian"]
[Black "Mitrovic, Darko R"]
[WhiteFideId "30956269"]
[BlackFideId "927023"]
[WhiteElo "2354"]
[BlackElo "2150"]
[Result "1-0"]
[Round "10"]
[TimeControl "180+1"]
[Date "2022.06.28"]
[WhiteClock "0:01:37"]
[BlackClock "0:00:01"]

1. e4 e6 2. Qe2 Be7 3. g3 d5 4. exd5 exd5 5. Bg2 Nf6 6. Nf3 O-O 7. O-O h6 8. h3 Bf5 9. d3 Re8 10. Qd1 c5 11. Kh2 Nc6 12. Re1 Bd6 13. Nc3 d4 14. Nb5 Bb8 15. a4 a6 16. Na3 Bc7 17. Rxe8+ Qxe8 18. Bd2 Qd7 19. Nh4 Be6 20. Qf3 Bd5 21. Qf5 Bxg2 22. Kxg2 Qd5+ 23. Qxd5 Nxd5 24. Re1 Kf8 25. Nf5 h5 26. Nh4 Re8 27. Rxe8+ Kxe8 28. Kf3 g6 29. Ke4 Nf6+ 30. Kf3 Kd7 31. Ng2 Nd5 32. Nf4 Bxf4 33. Bxf4 Ncb4 34. Bd2 Nxc2 35. Nxc2 b5 36. axb5 axb5 37. Ke4 Ke6 38. b4 f5+ 39. Kf3 cxb4 40. Nxb4 Nc3 41. Bxc3 dxc3 42. Ke3 Kd6 43. Kd4 g5 44. Kxc3 Kc5 45. d4+ Kd6 46. d5 1-0


[Site "https://www.chess.com"]

[Event "Titled Tuesday Blitz June 28 Early 2022"]
[White "Simonovic, Miroslav"]
[Black "Fernandez Siles, Luis"]
[WhiteFideId "919152"]
[BlackFideId "2209420"]
[WhiteElo "2043"]
[BlackElo "2211"]
[Result "0-1"]
[Round "10"]
[TimeControl "180+1"]
[Date "2022.06.28"]
[WhiteClock "0:01:51"]
[BlackClock "0:02:26"]

1. d4 Nf6 2. Bg5 d5 3. Bxf6 exf6 4. e3 Bd6 5. a3 c6 6. c4 dxc4 7. Bxc4 f5 8. g3 Nd7 9. Nc3 Nf6 10. Nge2 Qe7 11. O-O h5 12. h4 g5 13. hxg5 Ng4 14. Nf4 h4 15. g6 hxg3 16. Bxf7+ Kd8 17. fxg3 Qxe3+ 0-1


[Site "https://www.chess.com"]

[Event "Titled Tuesday Blitz June 28 Early 2022"]
[White "Soham Kamotra"]
[Black "Nguyen, Quoc Hy"]
[WhiteFideId "46647490"]
[BlackFideId "12410853"]
[WhiteElo "2082"]
[BlackElo "1938"]
[Result "0-1"]
[Round "10"]
[TimeControl "180+1"]
[Date "2022.06.28"]
[WhiteClock "0:00:04"]
[BlackClock "0:00:01"]

1. e4 c5 2. Nf3 d6 3. d4 cxd4 4. Nxd4 Nf6 5. f3 e5 6. Nb3 d5 7. Bg5 dxe4 8. Qxd8+ Kxd8 9. Nc3 exf3 10. O-O-O+ Nd7 11. gxf3 Be7 12. Bh3 Ke8 13. Nb5 Kf8 14. Nc7 Rb8 15. Rhe1 h6 16. Be3 b6 17. f4 Nc5 18. Nxc5 bxc5 19. fxe5 Bxh3 20. exf6 Bxf6 21. Bxc5+ Kg8 22. c3 Kh7 23. Nd5 Bg5+ 24. Be3 Be6 25. b3 a5 26. Nc7 Bg4 27. Rd4 f5 28. Bxg5 hxg5 29. Ne6 Kg6 30. Rd6 Rxh2 31. Rd7 f4 32. Rd5 Bxe6 33. Rxe6+ Kh5 34. Re7 Kh6 35. Rd6+ g6 36. Rdd7 Rh8 37. Rf7 Rxa2 38. Rd5 Rf2 39. Rxa5 f3 40. Ra4 Kh5 41. Raa7 g4 42. Ra6 g5 43. Raf6 Kh4 44. Rg6 Kg3 45. Rxg5 Rh1# 0-1


[Site "https://www.chess.com"]

[Event "Titled Tuesday Blitz June 28 Early 2022"]
[White "Sokolovsky, Yahli"]
[Black "Ajay Krishna, S"]
[WhiteFideId "2820242"]
[BlackFideId "5096430"]
[WhiteElo "1770"]
[BlackElo "2247"]
[Result "1-0"]
[Round "10"]
[TimeControl "180+1"]
[Date "2022.06.28"]
[WhiteClock "0:00:13"]
[BlackClock "0:00:02"]

1. b3 c5 2. Bb2 Nc6 3. e3 Nf6 4. Nf3 e6 5. c4 Be7 6. Be2 O-O 7. O-O d5 8. d4 b6 9. Nc3 Bb7 10. cxd5 exd5 11. Bb5 a6 12. Bxc6 Bxc6 13. Ne5 Bb7 14. Na4 Ne4 15. Rc1 c4 16. Nc3 Nxc3 17. Bxc3 b5 18. b4 a5 19. Qd2 f6 20. Nf3 axb4 21. Bxb4 Ra4 22. Bc5 Qc7 23. Rb1 Bxc5 24. dxc5 Qxc5 25. Nd4 c3 26. Qc2 Qc4 27. Nxb5 Rxa2 28. Qxc3 Ba6 29. Qxc4 dxc4 30. Nc3 Rc2 31. Rfc1 Rxc1+ 32. Rxc1 Rb8 33. Rc2 Bc8 34. f3 Kf7 35. Kf2 Be6 36. e4 Ke7 37. Ke3 Kd6 38. Kd4 Rb3 39. Ra2 h5 40. Ra6+ Kd7 41. Ra7+ Kd6 42. f4 Rb2 43. e5+ fxe5+ 44. fxe5+ Kc6 45. Ne4 Bf5 46. Nd6 Rd2+ 47. Kc3 1-0


[Site "https://www.chess.com"]

[Event "Titled Tuesday Blitz June 28 Early 2022"]
[White "Starozhilov, Leonid"]
[Black "Ardila, Oscar Humberto"]
[WhiteFideId "14106752"]
[BlackFideId "4404742"]
[WhiteElo "2414"]
[BlackElo "1956"]
[Result "1-0"]
[Round "10"]
[TimeControl "180+1"]
[Date "2022.06.28"]
[WhiteClock "0:00:36"]
[BlackClock "0:01:04"]

1. e4 e5 2. Nf3 Nf6 3. Nc3 Nc6 4. Bb5 Bb4 5. Bxc6 bxc6 6. d3 O-O 7. O-O d6 8. h3 h6 9. Ne2 Qe7 10. Ng3 Re8 11. Nh4 d5 12. Nhf5 Bxf5 13. Nxf5 Qd7 14. Qf3 Nh7 15. Qg3 Bf8 16. Bxh6 g6 17. Rae1 Bxh6 18. Nxh6+ Kg7 19. Nf5+ Kh8 20. Ne3 d4 21. Nc4 Qe6 22. f4 exf4 23. Rxf4 c5 24. Ref1 Re7 25. e5 Rb8 26. Rf6 Qd5 27. R6f4 Kg8 28. h4 Rxe5 29. Rxf7 Re6 30. Qxc7 1-0


[Site "https://www.chess.com"]

[Event "Titled Tuesday Blitz June 28 Early 2022"]
[White "Steinberg, Nitzan"]
[Black "Hambleton, Aman"]
[WhiteFideId "2801795"]
[BlackFideId "2606577"]
[WhiteElo "2471"]
[BlackElo "2552"]
[Result "1-0"]
[Round "10"]
[TimeControl "180+1"]
[Date "2022.06.28"]
[WhiteClock "0:00:53"]
[BlackClock "0:00:01"]

1. Nf3 d5 2. d4 Bf5 3. c4 c6 4. Nc3 e6 5. Qb3 Qb6 6. c5 Qc7 7. Bf4 Qc8 8. Nh4 Bg6 9. e3 Be7 10. Nxg6 hxg6 11. Qc2 Nd7 12. b4 a6 13. Bd3 f5 14. h3 g5 15. Bg3 g4 16. O-O-O gxh3 17. gxh3 Ngf6 18. f3 Nh5 19. Bf2 Bg5 20. h4 Bh6 21. Kb1 Qc7 22. e4 fxe4 23. fxe4 O-O-O 24. Rhg1 Rhf8 25. exd5 exd5 26. Bf5 Qf4 27. Bxd7+ Rxd7 28. Be1 Qf5 29. a4 Qxc2+ 30. Kxc2 Rdf7 31. b5 axb5 32. axb5 Nf4 33. Ra1 Ne6 34. Ne2 Be3 35. Rg4 Nf4 36. Ra8+ Kd7 37. Rxf8 Rxf8 38. Rxg7+ Ke6 39. Nxf4+ Rxf4 40. Rxb7 Rxd4 41. bxc6 Rc4+ 42. Kd3 Bxc5 43. Ba5 Bd6 44. c7 Kd7 45. h5 Bxc7 46. Rxc7+ 1-0


[Site "https://www.chess.com"]

[Event "Titled Tuesday Blitz June 28 Early 2022"]
[White "Terry, Renato"]
[Black "Ibarra Jerez, Jose Carlos"]
[WhiteFideId "3803457"]
[BlackFideId "2226332"]
[WhiteElo "2577"]
[BlackElo "2628"]
[Result "1/2-1/2"]
[Round "10"]
[TimeControl "180+1"]
[Date "2022.06.28"]
[WhiteClock "0:02:34"]
[BlackClock "0:02:01"]

1. d4 Nf6 2. Nf3 d5 3. c4 e6 4. e3 c5 5. dxc5 Bxc5 6. a3 O-O 7. b4 Be7 8. Bb2 a5 9. b5 Nbd7 10. Nbd2 Nc5 11. Be2 Bd7 12. O-O a4 13. Ne5 Qc7 14. Nxd7 Qxd7 15. cxd5 exd5 1/2-1/2


[Site "https://www.chess.com"]

[Event "Titled Tuesday Blitz June 28 Early 2022"]
[White "Thiel, Thomas"]
[Black "Petrova, Irina"]
[WhiteFideId "4615964"]
[BlackFideId "14124122"]
[WhiteElo "2240"]
[BlackElo "1993"]
[Result "0-1"]
[Round "10"]
[TimeControl "180+1"]
[Date "2022.06.28"]
[WhiteClock "0:00:02"]
[BlackClock "0:00:20"]

1. e4 d6 2. d4 Nf6 3. Nc3 e5 4. Nf3 Nbd7 5. Bc4 Be7 6. a4 O-O 7. O-O c6 8. Re1 h6 9. h3 Re8 10. dxe5 dxe5 11. Nh4 Bf8 12. Ng6 Bb4 13. Qf3 Nb6 14. Bb3 Be6 15. Bxe6 Rxe6 16. Nh4 Nc4 17. Nf5 Nh7 18. Qg3 Rg6 19. Qf3 Ng5 20. Bxg5 Qxg5 21. Rab1 Rd8 22. Ng3 Nd2 23. Qf5 Nxb1 24. Rxb1 Rgd6 25. Qf3 Bc5 26. Kh2 Rf6 27. Nf5 g6 28. h4 Qf4+ 29. Qxf4 exf4 30. Nxh6+ Kg7 31. Ng4 Rfd6 32. e5 Rd4 33. f3 Be7 34. b3 Bxh4 35. Ne2 Bg3+ 36. Nxg3 fxg3+ 37. Kxg3 Rd2 38. c4 R8d3 39. Rh1 Rxb3 40. Nf6 g5 41. Rh7+ Kg6 42. Rh8 Rbb2 43. Rh2 Kf5 44. Ng4 Ra2 45. Ne3+ Kxe5 46. Rh7 Kd4 47. Nf5+ Kxc4 48. Ne3+ Kd3 49. Nf5 Rxg2+ 0-1


[Site "https://www.chess.com"]